Bruins vs Senators

Created - October 15 2009 at 19:20

Simulating a Pre-Season

Goals
1 2 3 T
Bruins 1 1 0 2
Senators 1 1 1 3
Shots
1 2 3 T
Bruins 3 8 8 19
Senators 4 9 9 22

Period #1

1. Senators , Rick Nash 5 (Kris Draper, Freddy Meyer) at 9:15
2. Bruins , Sean Avery 2 (Mike Van Ryn, Fabian Brunnstrom) at 9:55

Penalties :
Joni Pitkanen (BOS) for Interference (Minor) at 0:40, Barret Jackman (BOS) for Boarding (Minor) at 4:29, Niklas Kronwall (BOS) for Roughing (Minor) at 11:18, Paul Ranger (OTT) for Roughing (Minor) at 13:57, Freddy Meyer (OTT) for Hooking (Minor) at 17:35

Period #2

3. Senators , Sidney Crosby 5 (Ilya Kovalchuk) at 14:43 (PP)
4. Bruins , Sean Avery 3 (Mike Commodore) at 17:45

Penalties :
Rick Nash (OTT) for Roughing (Minor) at 4:47, Rick Nash (OTT) for Hooking (Minor) at 10:33, Jan Hejda (OTT) for Hooking (Minor) at 11:44, Ryan Malone (BOS) for Diving (Minor) at 14:37, Sidney Crosby (OTT) for Tripping (Minor) at 19:05

Period #3

5. Senators , Rick Nash 6 (Kevin Bieksa) at 4:10

Penalties :
Freddy Meyer (OTT) for Hooking (Minor) at 10:23, Mike Commodore (BOS) for Holding (Minor) at 12:55

Goalie Stats

Henrik Lundqvist (BOS), 19 saves from 22 shots - (0.864), L, 4-2-0, 60:00 minutes
Alex Auld (OTT), 17 saves from 19 shots - (0.895), W, 3-0-0, 60:00 minutes

Players Stats

Bruins
Player Name              G  A  P  +/- PIM S  H  SB FO    MP 
------------------------------------------------------------
Barret Jackman           0  0  0  -1  2   2  3  1  0/0   21 
Brad Boyes               0  0  0   0  0   2  0  0  0/3   16 
David Krejci             0  0  0  -1  0   2  2  0  5/13  21 
Fabian Brunnstrom        0  1  1   1  0   0  0  0  0/0   12 
Joe Pavelski             0  0  0   0  0   0  0  1  11/18 16 
Joni Pitkanen            0  0  0   0  2   5  0  0  0/0   22 
Kyle Turris              0  0  0   1  0   1  0  0  9/21  19 
Marco Sturm              0  0  0  -1  0   1  3  1  1/2   19 
Matt Hunwick             0  0  0  -1  0   0  2  4  0/0   17 
Mike Commodore           0  1  1   1  2   0  3  3  0/0   20 
Mike Van Ryn             0  1  1   1  0   0  0  0  0/0   13 
Miroslav Satan           0  0  0   0  0   0  0  0  0/0   10 
Niklas Kronwall          0  0  0   0  2   0  1  0  0/0   22 
Phil Kessel              0  0  0  -1  0   1  0  1  0/1   16 
Ryan Malone              0  0  0   0  2   1  2  1  0/0   13 
Sean Avery               2  0  2   1  0   3  7  0  0/1   13 
Todd Bertuzzi            0  0  0   0  0   1  0  0  0/1   10 
Vladimir Sobotka         0  0  0   0  0   0  1  0  4/13  10 
Senators
Player Name              G  A  P  +/- PIM S  H  SB FO    MP 
------------------------------------------------------------
Freddy Meyer             0  1  1   0  4   0  2  0  0/0   19 
Fredrik Modin            0  0  0   0  0   0  1  0  0/0   12 
Gregory Campbell         0  0  0   0  0   0  4  0  0/0   10 
Ilya Kovalchuk           0  1  1   0  0   3  0  0  1/1   18 
Jan Hejda                0  0  0   0  2   0  1  1  0/0   21 
Jay Bouwmeester          0  0  0   0  0   1  2  1  0/0   21 
Karlis Skrastins         0  0  0   0  0   0  0  2  0/0   19 
Kevin Bieksa             0  1  1  -1  0   0  1  1  0/0   18 
Kris Draper              0  1  1   1  0   0  0  0  9/13  12 
Mark Recchi              0  0  0   0  0   1  0  0  0/0   12 
Martin St. Louis         0  0  0   0  0   3  0  0  1/1   16 
Paul Ranger              0  0  0   0  2   0  3  0  0/0   20 
Ray Whitney              0  0  0   0  0   2  3  0  1/2   16 
Rick Nash                2  0  2   0  4   4  1  0  1/3   15 
Robert Lang              0  0  0   0  0   1  2  0  7/17  15 
Sergei Fedorov           0  0  0   0  0   1  0  0  9/13  17 
Sidney Crosby            1  0  1   0  2   5  1  0  14/21 16 
Wayne Primeau            0  0  0   0  0   1  0  0  0/2   10 

3 Stars

1 - Sean Avery (BOS)
2 - Rick Nash (OTT)
3 - Mike Commodore (BOS)

Power Play

Bruins - 0 on 7 Attempt(s) - 0.00%
Senators - 1 on 5 Attempt(s) - 20.00%

Penalty Kill

Bruins - 4 on 5 Attempt(s) - 80.00% - Score 0 goal in Penalty Kill
Senators - 7 on 7 Attempt(s) - 100.00% - Score 0 goal in Penalty Kill

Game Notes

No Game Note

Play by Play

Period #1

0:01 of 1st period - Sidney Crosby wins face-off versus Joe Pavelski in neutral zone.
0:20 of 1st period - Icing by Niklas Kronwall.
0:21 of 1st period - Joe Pavelski wins face-off versus Robert Lang in Bruins zone.
0:39 of 1st period - Shot by Rick Nash.
0:39 of 1st period - Shot Blocked by Ryan Malone.
0:40 of 1st period - Minor Penalty to Joni Pitkanen for Interference.
0:41 of 1st period - Joe Pavelski wins face-off versus Sidney Crosby in Bruins zone.
1:08 of 1st period - Shot by Jay Bouwmeester.
1:08 of 1st period - Shot Misses the Net.
1:19 of 1st period - Off-side.
1:20 of 1st period - Robert Lang wins face-off versus Kyle Turris in neutral zone.
2:37 of 1st period - Mike Commodore is hit by Rick Nash.
4:23 of 1st period - Rick Nash is hit by Barret Jackman and loses puck.
4:29 of 1st period - Minor Penalty to Barret Jackman for Boarding.
4:30 of 1st period - Joe Pavelski wins face-off versus Rick Nash in Bruins zone.
4:44 of 1st period - Icing by Ilya Kovalchuk.
4:45 of 1st period - Sidney Crosby wins face-off versus Joe Pavelski in Senators zone.
4:47 of 1st period - Icing by Rick Nash.
4:48 of 1st period - Sidney Crosby wins face-off versus Kyle Turris in Senators zone.
4:48 of 1st period - Sidney Crosby is hit by Marco Sturm.
5:07 of 1st period - Shot by Sidney Crosby.
5:07 of 1st period - Stopped by Henrik Lundqvist without a rebound.
5:08 of 1st period - Ray Whitney wins face-off versus Joe Pavelski in Bruins zone.
5:17 of 1st period - Shot by Robert Lang.
5:17 of 1st period - Shot Misses the Net.
6:36 of 1st period - Kris Draper is hit by Sean Avery and loses puck.
8:46 of 1st period - Sergei Fedorov is hit by Marco Sturm and loses puck.
9:11 of 1st period - Shot by Rick Nash.
9:11 of 1st period - Shot Blocked by Matt Hunwick.
9:13 of 1st period - Shot by Kris Draper.
9:13 of 1st period - Shot Misses the Net.
9:15 of 1st period - Shot by Rick Nash.
9:15 of 1st period - Goal by Rick Nash - Bruins : 0 - Senators : 1.
9:16 of 1st period - Joe Pavelski wins face-off versus Sidney Crosby in neutral zone.
9:45 of 1st period - Off-side.
9:46 of 1st period - Kyle Turris wins face-off versus Robert Lang in neutral zone.
9:51 of 1st period - Shot by Fabian Brunnstrom.
9:51 of 1st period - Shot Misses the Net.
9:55 of 1st period - Shot by Sean Avery.
9:55 of 1st period - Goal by Sean Avery - Bruins : 1 - Senators : 1.
9:56 of 1st period - Kyle Turris wins face-off versus Kris Draper in neutral zone.
9:56 of 1st period - Kyle Turris is hit by Gregory Campbell.
10:02 of 1st period - Fabian Brunnstrom is hit by Gregory Campbell and loses puck.
10:08 of 1st period - Icing by Mike Commodore.
10:09 of 1st period - Kyle Turris wins face-off versus Robert Lang in Bruins zone.
10:09 of 1st period - Fabian Brunnstrom is hit by Kevin Bieksa and loses puck.
10:26 of 1st period - Shot by Fabian Brunnstrom.
10:26 of 1st period - Shot Misses the Net.
10:28 of 1st period - Shot by Mike Van Ryn.
10:28 of 1st period - Shot Misses the Net.
10:54 of 1st period - Shot by Brad Boyes.
10:54 of 1st period - Stopped by Alex Auld without a rebound.
10:55 of 1st period - Sidney Crosby wins face-off versus Vladimir Sobotka in Senators zone.
11:18 of 1st period - Minor Penalty to Niklas Kronwall for Roughing.
11:19 of 1st period - David Krejci wins face-off versus Sidney Crosby in Bruins zone.
11:40 of 1st period - Shot by Sidney Crosby.
11:40 of 1st period - Shot Blocked by Mike Commodore.
11:42 of 1st period - Shot by Jay Bouwmeester.
11:42 of 1st period - Shot Blocked by Mike Commodore.
11:44 of 1st period - Shot by Jan Hejda.
11:44 of 1st period - Shot Blocked by Mike Commodore.
12:12 of 1st period - Joni Pitkanen is hit by Robert Lang and loses puck.
12:46 of 1st period - Shot by Sidney Crosby.
12:46 of 1st period - Shot Misses the Net.
13:19 of 1st period - Icing by Brad Boyes.
13:20 of 1st period - Sergei Fedorov wins face-off versus Vladimir Sobotka in Bruins zone.
13:40 of 1st period - Sergei Fedorov is hit by Niklas Kronwall and loses puck.
13:57 of 1st period - Minor Penalty to Paul Ranger for Roughing.
13:58 of 1st period - Kris Draper wins face-off versus David Krejci in Senators zone.
14:17 of 1st period - Kevin Bieksa is hit by David Krejci and loses puck.
14:39 of 1st period - Brad Boyes is hit by Gregory Campbell and loses puck.
15:41 of 1st period - David Krejci is hit by Jay Bouwmeester and loses puck.
16:04 of 1st period - Shot by Martin St. Louis.
16:04 of 1st period - Stopped by Henrik Lundqvist without a rebound.
16:05 of 1st period - Sergei Fedorov wins face-off versus Kyle Turris in Bruins zone.
16:05 of 1st period - Sergei Fedorov is hit by Matt Hunwick.
16:21 of 1st period - Shot by Fredrik Modin.
16:21 of 1st period - Shot Misses the Net.
16:28 of 1st period - Off-side.
16:29 of 1st period - Sidney Crosby wins face-off versus Vladimir Sobotka in neutral zone.
16:34 of 1st period - Shot by Sidney Crosby.
16:34 of 1st period - Stopped by Henrik Lundqvist without a rebound.
16:35 of 1st period - Vladimir Sobotka wins face-off versus Robert Lang in Bruins zone.
17:08 of 1st period - Shot by Kevin Bieksa.
17:08 of 1st period - Shot Misses the Net.
17:27 of 1st period - Icing by Freddy Meyer.
17:28 of 1st period - Kyle Turris wins face-off versus Rick Nash in Senators zone.
17:31 of 1st period - Shot by Mike Commodore.
17:31 of 1st period - Shot Misses the Net.
17:35 of 1st period - Shot by Sean Avery.
17:35 of 1st period - Stopped by Alex Auld without a rebound.
17:35 of 1st period - Minor Penalty to Freddy Meyer for Hooking.
17:36 of 1st period - Sergei Fedorov wins face-off versus Marco Sturm in Senators zone.
17:56 of 1st period - Phil Kessel is hit by Paul Ranger and loses puck.
17:59 of 1st period - Shot by Barret Jackman.
17:59 of 1st period - Shot Misses the Net.
18:13 of 1st period - Shot by Phil Kessel.
18:13 of 1st period - Shot Blocked by Karlis Skrastins.

Period #2

0:01 of 2nd period - Joe Pavelski wins face-off versus Sidney Crosby in neutral zone.
0:25 of 2nd period - Shot by Ilya Kovalchuk.
0:25 of 2nd period - Shot Misses the Net.
3:00 of 2nd period - Shot by Martin St. Louis.
3:00 of 2nd period - Shot Misses the Net.
3:41 of 2nd period - Shot by Rick Nash.
3:41 of 2nd period - Deflect By Ray Whitney.
3:41 of 2nd period - Stopped by Henrik Lundqvist without a rebound.
3:42 of 2nd period - Kyle Turris wins face-off versus Wayne Primeau in Bruins zone.
3:42 of 2nd period - Kyle Turris is hit by Gregory Campbell.
3:51 of 2nd period - Icing by Wayne Primeau.
3:52 of 2nd period - Kyle Turris wins face-off versus Wayne Primeau in Senators zone.
4:47 of 2nd period - Minor Penalty to Rick Nash for Roughing.
4:48 of 2nd period - Kris Draper wins face-off versus Phil Kessel in Senators zone.
6:47 of 2nd period - Niklas Kronwall is hit by Freddy Meyer and loses puck.
7:02 of 2nd period - Shot by Ray Whitney.
7:02 of 2nd period - Shot Blocked by Phil Kessel.
7:10 of 2nd period - Shot by Rick Nash.
7:10 of 2nd period - Deflect By Ray Whitney.
7:10 of 2nd period - Shot Blocked by Matt Hunwick.
7:12 of 2nd period - Shot by Rick Nash.
7:12 of 2nd period - Stopped by Henrik Lundqvist with a rebound.
7:16 of 2nd period - Shot by Ray Whitney.
7:16 of 2nd period - Shot Misses the Net.
7:50 of 2nd period - Martin St. Louis is hit by Mike Commodore and loses puck.
8:19 of 2nd period - Shot by Brad Boyes.
8:19 of 2nd period - Shot Misses the Net.
8:26 of 2nd period - David Krejci is hit by Paul Ranger.
8:42 of 2nd period - Off-side.
8:43 of 2nd period - Robert Lang wins face-off versus Vladimir Sobotka in neutral zone.
8:48 of 2nd period - Shot by Robert Lang.
8:48 of 2nd period - Shot Blocked by Joe Pavelski.
9:08 of 2nd period - Shot by Ray Whitney.
9:08 of 2nd period - Shot Hit the Post.
9:10 of 2nd period - Shot by Kevin Bieksa.
9:10 of 2nd period - Shot Misses the Net.
9:14 of 2nd period - Shot by Rick Nash.
9:14 of 2nd period - Stopped by Henrik Lundqvist with a rebound.
9:31 of 2nd period - Icing by Barret Jackman.
9:32 of 2nd period - Vladimir Sobotka wins face-off versus Sergei Fedorov in Bruins zone.
9:36 of 2nd period - Icing by Joe Pavelski.
9:37 of 2nd period - Martin St. Louis wins face-off versus Vladimir Sobotka in Bruins zone.
9:51 of 2nd period - Off-side.
9:52 of 2nd period - Sergei Fedorov wins face-off versus Kyle Turris in neutral zone.
10:09 of 2nd period - Shot by Mark Recchi.
10:09 of 2nd period - Deflect By Fredrik Modin.
10:09 of 2nd period - Shot Misses the Net.
10:20 of 2nd period - Icing by Mike Commodore.
10:21 of 2nd period - Sidney Crosby wins face-off versus Kyle Turris in Bruins zone.
10:22 of 2nd period - Shot by Ilya Kovalchuk.
10:22 of 2nd period - Stopped by Henrik Lundqvist without a rebound.
10:23 of 2nd period - Sidney Crosby wins face-off versus David Krejci in Bruins zone.
10:28 of 2nd period - Shot by Sidney Crosby.
10:28 of 2nd period - Stopped by Henrik Lundqvist without a rebound.
10:29 of 2nd period - Robert Lang wins face-off versus David Krejci in Bruins zone.
10:33 of 2nd period - Minor Penalty to Rick Nash for Hooking.
10:34 of 2nd period - Kris Draper wins face-off versus Brad Boyes in Senators zone.
11:09 of 2nd period - Shot by Niklas Kronwall.
11:09 of 2nd period - Shot Misses the Net.
11:11 of 2nd period - Shot by Joni Pitkanen.
11:11 of 2nd period - Stopped by Alex Auld without a rebound.
11:12 of 2nd period - Kris Draper wins face-off versus David Krejci in Senators zone.
11:40 of 2nd period - David Krejci is hit by Freddy Meyer and loses puck.
11:44 of 2nd period - Minor Penalty to Jan Hejda for Hooking.
11:45 of 2nd period - Kyle Turris wins face-off versus Robert Lang in Senators zone.
11:46 of 2nd period - Shot by Joni Pitkanen.
11:46 of 2nd period - Stopped by Alex Auld without a rebound.
11:47 of 2nd period - Robert Lang wins face-off versus Kyle Turris in Senators zone.
12:00 of 2nd period - Shot by Joni Pitkanen.
12:00 of 2nd period - Stopped by Alex Auld without a rebound.
12:01 of 2nd period - David Krejci wins face-off versus Robert Lang in Senators zone.
12:20 of 2nd period - Shot by David Krejci.
12:20 of 2nd period - Shot Blocked by Kevin Bieksa.
12:50 of 2nd period - Shot by Joni Pitkanen.
12:50 of 2nd period - Shot Misses the Net.
12:52 of 2nd period - Shot by Joni Pitkanen.
12:52 of 2nd period - Stopped by Alex Auld with a rebound.
12:56 of 2nd period - Shot by Niklas Kronwall.
12:56 of 2nd period - Shot Hit the Post.
12:58 of 2nd period - Shot by Niklas Kronwall.
12:58 of 2nd period - Shot Misses the Net.
13:00 of 2nd period - Shot by Joni Pitkanen.
13:00 of 2nd period - Shot Misses the Net.
13:04 of 2nd period - Shot by Ryan Malone.
13:04 of 2nd period - Stopped by Alex Auld without a rebound.
13:05 of 2nd period - Kris Draper wins face-off versus David Krejci in Senators zone.
13:05 of 2nd period - Kris Draper is hit by David Krejci.
13:53 of 2nd period - Shot by Miroslav Satan.
13:53 of 2nd period - Deflect By Todd Bertuzzi.
13:53 of 2nd period - Shot Blocked by Jay Bouwmeester.
13:55 of 2nd period - Shot by Joni Pitkanen.
13:55 of 2nd period - Stopped by Alex Auld without a rebound.
13:56 of 2nd period - Sergei Fedorov wins face-off versus Sean Avery in Senators zone.
13:56 of 2nd period - Sergei Fedorov is hit by Sean Avery.
14:06 of 2nd period - Mike Van Ryn is hit by Fredrik Modin and loses puck.
14:32 of 2nd period - Icing by Karlis Skrastins.
14:33 of 2nd period - Joe Pavelski wins face-off versus Sergei Fedorov in Senators zone.
14:37 of 2nd period - Minor Penalty to Ryan Malone for Diving.
14:38 of 2nd period - Sidney Crosby wins face-off versus Joe Pavelski in Bruins zone.
14:43 of 2nd period - Shot by Sidney Crosby.
14:43 of 2nd period - Goal by Sidney Crosby - Bruins : 1 - Senators : 2.
14:44 of 2nd period - Vladimir Sobotka wins face-off versus Sidney Crosby in neutral zone.
14:50 of 2nd period - Icing by Jan Hejda.
14:51 of 2nd period - Joe Pavelski wins face-off versus Sidney Crosby in Senators zone.
15:14 of 2nd period - Off-side.
15:15 of 2nd period - David Krejci wins face-off versus Robert Lang in neutral zone.
15:15 of 2nd period - Marco Sturm is hit by Ray Whitney and loses puck.
15:26 of 2nd period - Ray Whitney is hit by Matt Hunwick and loses puck.
15:39 of 2nd period - Shot by Robert Lang.
15:39 of 2nd period - Stopped by Henrik Lundqvist without a rebound.
15:40 of 2nd period - Kris Draper wins face-off versus Kyle Turris in Bruins zone.
15:59 of 2nd period - Shot by Kris Draper.
15:59 of 2nd period - Shot Misses the Net.
16:01 of 2nd period - Shot by Wayne Primeau.
16:01 of 2nd period - Stopped by Henrik Lundqvist without a rebound.
16:02 of 2nd period - Sidney Crosby wins face-off versus Joe Pavelski in Bruins zone.
16:39 of 2nd period - Shot by Sidney Crosby.
16:39 of 2nd period - Shot Misses the Net.
16:43 of 2nd period - Shot by Sidney Crosby.
16:43 of 2nd period - Stopped by Henrik Lundqvist without a rebound.
16:44 of 2nd period - Robert Lang wins face-off versus David Krejci in Bruins zone.
17:20 of 2nd period - Phil Kessel is hit by Robert Lang and loses puck.
17:40 of 2nd period - Rick Nash is hit by Sean Avery and loses puck.
17:45 of 2nd period - Shot by Sean Avery.
17:45 of 2nd period - Goal by Sean Avery - Bruins : 2 - Senators : 2.
17:46 of 2nd period - Sergei Fedorov wins face-off versus Todd Bertuzzi in neutral zone.
18:34 of 2nd period - Icing by Joni Pitkanen.
18:35 of 2nd period - Sidney Crosby wins face-off versus Vladimir Sobotka in Bruins zone.
19:05 of 2nd period - Minor Penalty to Sidney Crosby for Tripping.
19:06 of 2nd period - Kris Draper wins face-off versus David Krejci in Senators zone.
19:31 of 2nd period - Shot by David Krejci.
19:31 of 2nd period - Stopped by Alex Auld without a rebound.
19:32 of 2nd period - David Krejci wins face-off versus Sergei Fedorov in Senators zone.

Period #3

0:01 of 3rd period - Kyle Turris wins face-off versus Kris Draper in neutral zone.
0:04 of 3rd period - Jan Hejda is hit by Ryan Malone and loses puck.
0:24 of 3rd period - Icing by Niklas Kronwall.
0:25 of 3rd period - Sergei Fedorov wins face-off versus Brad Boyes in Bruins zone.
0:28 of 3rd period - Shot by Sergei Fedorov.
0:28 of 3rd period - Shot Misses the Net.
0:42 of 3rd period - Kris Draper is hit by Ryan Malone.
1:16 of 3rd period - Sidney Crosby is hit by Barret Jackman and loses puck.
1:48 of 3rd period - Martin St. Louis is hit by Barret Jackman and loses puck.
2:02 of 3rd period - Icing by Matt Hunwick.
2:03 of 3rd period - David Krejci wins face-off versus Robert Lang in Bruins zone.
2:03 of 3rd period - David Krejci is hit by Ray Whitney.
2:10 of 3rd period - Off-side.
2:11 of 3rd period - Sergei Fedorov wins face-off versus Kyle Turris in neutral zone.
2:44 of 3rd period - Shot by Kyle Turris.
2:44 of 3rd period - Shot Misses the Net.
2:46 of 3rd period - Shot by Mike Commodore.
2:46 of 3rd period - Shot Blocked by Karlis Skrastins.
2:48 of 3rd period - Shot by Kyle Turris.
2:48 of 3rd period - Stopped by Alex Auld without a rebound.
2:49 of 3rd period - Joe Pavelski wins face-off versus Ray Whitney in Senators zone.
3:02 of 3rd period - Shot by Brad Boyes.
3:02 of 3rd period - Stopped by Alex Auld without a rebound.
3:03 of 3rd period - Sidney Crosby wins face-off versus Vladimir Sobotka in Senators zone.
3:18 of 3rd period - Shot by Ilya Kovalchuk.
3:18 of 3rd period - Deflect By Martin St. Louis.
3:18 of 3rd period - Stopped by Henrik Lundqvist with a rebound.
4:10 of 3rd period - Shot by Rick Nash.
4:10 of 3rd period - Goal by Rick Nash - Bruins : 2 - Senators : 3.
4:11 of 3rd period - Sergei Fedorov wins face-off versus David Krejci in neutral zone.
4:30 of 3rd period - Karlis Skrastins is hit by Marco Sturm and loses puck.
4:39 of 3rd period - Shot by Phil Kessel.
4:39 of 3rd period - Shot Misses the Net.
4:43 of 3rd period - Shot by Marco Sturm.
4:43 of 3rd period - Stopped by Alex Auld with a rebound.
4:45 of 3rd period - Shot by David Krejci.
4:45 of 3rd period - Stopped by Alex Auld with a rebound.
4:47 of 3rd period - Shot by Barret Jackman.
4:47 of 3rd period - Stopped by Alex Auld without a rebound.
4:48 of 3rd period - Joe Pavelski wins face-off versus Robert Lang in Senators zone.
5:32 of 3rd period - Icing by Kevin Bieksa.
5:33 of 3rd period - Rick Nash wins face-off versus Kyle Turris in Senators zone.
5:33 of 3rd period - Rick Nash is hit by Sean Avery.
5:54 of 3rd period - Sean Avery is hit by Paul Ranger and loses puck.
6:42 of 3rd period - Shot by Martin St. Louis.
6:42 of 3rd period - Shot Misses the Net.
6:47 of 3rd period - Sidney Crosby is hit by Mike Commodore and loses puck.
6:54 of 3rd period - Shot by Martin St. Louis.
6:54 of 3rd period - Stopped by Henrik Lundqvist with a rebound.
7:31 of 3rd period - Marco Sturm is hit by Ray Whitney and loses puck.
8:06 of 3rd period - Shot by Mark Recchi.
8:06 of 3rd period - Stopped by Henrik Lundqvist with a rebound.
8:10 of 3rd period - Shot by Sergei Fedorov.
8:10 of 3rd period - Shot Blocked by Matt Hunwick.
8:12 of 3rd period - Shot by Mark Recchi.
8:12 of 3rd period - Shot Blocked by Barret Jackman.
8:20 of 3rd period - Shot by Sergei Fedorov.
8:20 of 3rd period - Stopped by Henrik Lundqvist without a rebound.
8:21 of 3rd period - Kris Draper wins face-off versus Joe Pavelski in Bruins zone.
9:49 of 3rd period - Icing by Matt Hunwick.
9:50 of 3rd period - Robert Lang wins face-off versus Vladimir Sobotka in Bruins zone.
10:03 of 3rd period - Shot by Ray Whitney.
10:03 of 3rd period - Stopped by Henrik Lundqvist with a rebound.
10:23 of 3rd period - Minor Penalty to Freddy Meyer for Hooking.
10:24 of 3rd period - Kris Draper wins face-off versus Kyle Turris in Senators zone.
10:32 of 3rd period - Icing by Niklas Kronwall.
10:33 of 3rd period - Kyle Turris wins face-off versus Kris Draper in Bruins zone.
11:29 of 3rd period - Off-side.
11:30 of 3rd period - Joe Pavelski wins face-off versus Kris Draper in neutral zone.
11:54 of 3rd period - Shot by Barret Jackman.
11:54 of 3rd period - Stopped by Alex Auld with a rebound.
11:56 of 3rd period - Shot by Mike Commodore.
11:56 of 3rd period - Shot Blocked by Jan Hejda.
11:58 of 3rd period - Shot by Mike Commodore.
11:58 of 3rd period - Shot Misses the Net.
12:24 of 3rd period - Freddy Meyer is hit by Sean Avery and loses puck.
12:28 of 3rd period - Jay Bouwmeester is hit by Sean Avery and loses puck.
12:39 of 3rd period - Jay Bouwmeester is hit by Sean Avery and loses puck.
12:51 of 3rd period - Martin St. Louis is hit by Mike Commodore and loses puck.
12:55 of 3rd period - Minor Penalty to Mike Commodore for Holding.
12:56 of 3rd period - Marco Sturm wins face-off versus Robert Lang in Bruins zone.
13:20 of 3rd period - Icing by Kevin Bieksa.
13:21 of 3rd period - Robert Lang wins face-off versus Brad Boyes in Senators zone.
14:04 of 3rd period - Icing by Jay Bouwmeester.
14:05 of 3rd period - Sidney Crosby wins face-off versus Joe Pavelski in Senators zone.
15:36 of 3rd period - Mark Recchi is hit by Vladimir Sobotka and loses puck.
15:59 of 3rd period - Shot by Todd Bertuzzi.
15:59 of 3rd period - Stopped by Alex Auld with a rebound.
16:03 of 3rd period - Shot by Miroslav Satan.
16:03 of 3rd period - Shot Misses the Net.
16:38 of 3rd period - Shot by Marco Sturm.
16:38 of 3rd period - Shot Misses the Net.
16:43 of 3rd period - Icing by Freddy Meyer.
16:44 of 3rd period - Joe Pavelski wins face-off versus Sergei Fedorov in Senators zone.
16:55 of 3rd period - Shot by Joe Pavelski.
16:55 of 3rd period - Deflect By Brad Boyes.
16:55 of 3rd period - Shot Misses the Net.
17:27 of 3rd period - Shot by Phil Kessel.
17:27 of 3rd period - Stopped by Alex Auld with a rebound.
17:35 of 3rd period - Shot by David Krejci.
17:35 of 3rd period - Shot Misses the Net.
18:02 of 3rd period - Icing by Mike Van Ryn.
18:03 of 3rd period - Sidney Crosby wins face-off versus Kyle Turris in Bruins zone.
18:08 of 3rd period - Shot by Ilya Kovalchuk.
18:08 of 3rd period - Stopped by Henrik Lundqvist without a rebound.
18:09 of 3rd period - Vladimir Sobotka wins face-off versus Sidney Crosby in Bruins zone.
18:11 of 3rd period - Icing by Niklas Kronwall.
18:12 of 3rd period - Ilya Kovalchuk wins face-off versus Vladimir Sobotka in Bruins zone.
18:19 of 3rd period - Shot by Martin St. Louis.
18:19 of 3rd period - Shot Misses the Net.
18:21 of 3rd period - Shot by Jay Bouwmeester.
18:21 of 3rd period - Stopped by Henrik Lundqvist with a rebound.
18:25 of 3rd period - Shot by Ilya Kovalchuk.
18:25 of 3rd period - Stopped by Henrik Lundqvist without a rebound.
18:26 of 3rd period - Sidney Crosby wins face-off versus Kyle Turris in Bruins zone.
18:29 of 3rd period - Shot by Ilya Kovalchuk.
18:29 of 3rd period - Shot Misses the Net.
18:36 of 3rd period - Kyle Turris is hit by Jay Bouwmeester and loses puck.
18:52 of 3rd period - Fabian Brunnstrom is hit by Jan Hejda and loses puck.
19:13 of 3rd period - Barret Jackman is hit by Sidney Crosby and loses puck.
19:54 of 3rd period - Shot by Gregory Campbell.
19:54 of 3rd period - Shot Blocked by Marco Sturm.
19:58 of 3rd period - Shot by Kevin Bieksa.
19:58 of 3rd period - Shot Blocked by Matt Hunwick.


Output by the SimonT Hockey Simulator (STHS) for Stephane Roy -- Original Page W3C XHTML 1.0 Valid